 Dungeon Crawl Stone Soup version 0.26.1-2-gb8aa6d0cf2 (webtiles) character file.

Game seed: 11671118643849459762

104 Ladykiller69 the Shield-Bearer (level 5, 0/42 HPs)
             Began as a Formicid Fighter on Mar 5, 2021.
             Succumbed to an adder's poison
             ... on level 6 of the Dungeon.
             The game lasted 00:03:22 (1746 turns).

Ladykiller69 the Shield-Bearer (Formicid Fighter)   Turns: 1746, Time: 00:03:22

Health: 0/42       AC:  7    Str: 21    XL:     5   Next: 7%
Magic:  5/5        EV:  8    Int:  8    God:
Gold:   223        SH:  9    Dex: 10    Spells: 4/4 levels left

rFire    . . .     SeeInvis +   a - +0 war axe
rCold    . . .     Faith    .   c - +0 kite shield
rNeg     . . .     Spirit   .   b - +0 scale mail
rPois    .         Reflect  .   (helmet unavailable)
rElec    .         Harm     .   (no cloak)
rCorr    .         Rampage  .   (no gloves)
Will     .....                  (no boots)
Stlth    ..........             (no amulet)
HPRegen  0.14/turn              (no ring)
MPRegen  0.09/turn              (no ring)

@: lethally poisoned (0 -> -1)
A: permanent stasis, dig shafts and tunnels, four strong arms, antennae 3
a: Dig, Shaft Self


You were on level 6 of the Dungeon.
You visited 1 branch of the dungeon, and saw 4 of its levels.

You collected 223 gold pieces.

Inventory:

Hand Weapons
 a - a +0 war axe (weapon)
Armour
 b - a +0 scale mail (worn)
 c - a +0 kite shield (worn)
Jewellery
 i - an uncursed ring of flight {unknown}
 n - an uncursed ring of magical power {unknown}
Scrolls
 f - a scroll of magic mapping {unknown}
 g - a scroll of teleportation {unknown}
 h - 2 scrolls of identify {unknown}
 j - 3 scrolls of immolation {unknown}
 k - a scroll of enchant armour {unknown}
 m - 2 scrolls of remove curse {unknown}
 p - a scroll of fear {unknown}
Potions
 d - a potion of might


   Skills:
 + Level 3.9 Fighting
 * Level 3.2 Axes
 + Level 4.0 Armour
 + Level 4.3 Shields


You had 4 spell levels left.
You didn't know any spells.
Your spell library was empty.

Dungeon Overview and Level Annotations

Branches:
Dungeon (3/15)

Altars:
Fedhas
Makhleb
Qazlal
Ru
Xom
Yredelemnul


Innate Abilities, Weirdness & Mutations

You cannot be hasted, slowed, berserked, paralysed or teleported.
You can dig through walls and to a lower floor.
Your four strong arms can wield two-handed weapons with a shield.
You have a pair of large antennae on your head. (SInv)


Message History

It was a potion of invisibility.
You fade into invisibility!
You are very lightly contaminated with residual magic.
It was a potion of brilliance.
You feel clever all of a sudden.
* * * LOW HITPOINT WARNING * * *
You feel sick.
It was a potion of cancellation.
Your magical effects are unravelling.
You feel magically purged.
Your magical contamination has completely faded away.
You flicker back into view.
You feel a little less clever now.
There is a lethal amount of poison in your body!
* * * LOW HITPOINT WARNING * * *
You feel sick.
* * * LOW HITPOINT WARNING * * *
You feel sick.
* * * LOW HITPOINT WARNING * * *
You feel sick.
You die...

#######+#
#.......
#.......
..#......
..#......
...§.§...#
####.§§§§§≈§###
#...§§§≈≈§≈@..#
#....§≈_>§§§..#
#.§..§§§.≈§...#
#....§≈≈§≈≈...#
#....≈≈§≈§≈...#
#............#
##...##......##
#....#########
#.....# {


There were no monsters in sight!

Vanquished Creatures
  Jessica (D:2)
  2 adders
  2 oozes (D:2)
  2 worms (D:2)
  4 leopard geckos
  2 orcs (D:3)
  4 giant cockroaches
  6 goblins
  A hobgoblin (D:1)
  3 jackals (D:1)
  A quokka (D:2)
  5 bats
  3 frilled lizards (D:1)
  4 kobolds
40 creatures vanquished.

Notes
Turn   | Place    | Note
-------+----------+-------------------------------------------
     0 | D:1      | Ladykiller69 the Formicid Fighter began the quest for the
                  | Orb.
     0 | D:1      | Reached XP level 1. HP: 18/18 MP: 1/1
   154 | D:1      | Reached XP level 2. HP: 24/24 MP: 2/2
   402 | D:1      | Reached XP level 3. HP: 29/29 MP: 3/3
   681 | D:2      | Found a sacrificial altar of Ru.
   993 | D:2      | Found a basalt altar of Yredelemnul.
  1129 | D:2      | Found a stormy altar of Qazlal.
  1131 | D:2      | Found a shimmering altar of Xom.
  1135 | D:2      | Reached XP level 4. HP: 32/37 MP: 4/4
  1243 | D:2      | Found a blossoming altar of Fedhas.
  1266 | D:2      | Noticed Jessica
  1281 | D:2      | Killed Jessica
  1724 | D:3      | Reached XP level 5. HP: 21/42 MP: 5/5
  1730 | D:3      | You fall into a shaft and drop 3 floors!
  1730 | D:6      | Found a burning altar of Makhleb.
  1732 | D:6      | HP: 2/42 [poisoned by an adder]
  1738 | D:6      | HP: 1/42 [poisoned by an adder]
  1746 | D:6      | Succumbed to an adder's poison

Illustrated notes

Levels and vault maps discovered:
D:1:      minmay_arrival_semitransparent, layout_basic, corexii_corridor_pit
D:2:      layout_loops_cross, fedhas_ov_isle_minmay, yredelemnul_altar_generic,
          old_standard_altar, grunt_temple_overflow_open, uniq_jessica
D:3:      layout_basic, dancing_weapons_uskayaw, serial_glass, glass_columns_c,
          glass_columns_a, feat_on_display, due_unseen_surprise,
          hellmonk_ghost_happy_afterlife, minmay_misc_feat_nine_boxes,
          uniq_grinder, uniq_ijyb, uniq_robin
D:6:      layout_gridville, general_overflow_altar, serial_shops, shop,
          kennysheep_generic_room_2, uniq_duvessa

Skill      XL: |  1  2  3  4 |
---------------+-------------+-----
Shields        | 4 |  4.3
Axes           | 3 |  3.2
Armour         | 4 |  4.0
Fighting       | |  3.9

Action                   |  1- 3 |  4- 6 || total
-------------------------+-------+-------++-------
Melee: War axe           |    85 |    51 ||   136
 Abil: Dig               |     3 |       ||     3
       Shaft Self        |       |     1 ||     1
  Use: Potion            |       |     3 ||     3
Armor: Scale mail        |    33 |    21 ||    54
Dodge: Dodged            |    28 |    15 ||    43
Block: Kite shield       |    52 |    29 ||    81
